WCHLSIM.com - West Coast Hockey League
html PUBLIC "-//W3C//DTD XHTML 1.0 Transitional//EN" "http://www.w3.org/TR/xhtml1/DTD/xhtml1-transitional.dtd"> WCHL - Game 367 - VICTORIA GLADIATORS vs BANFF WOLVES

VICTORIA GLADIATORS vs BANFF WOLVES

Created - 3 décembre 2023 at 22:14

Goals
1 2 3 T
VICTORIA GLADIATORS 1 0 1 2
BANFF WOLVES 1 3 1 5
Shots
1 2 3 T
VICTORIA GLADIATORS 4 12 4 20
BANFF WOLVES 9 18 13 40

1st period

1. VICTORIA GLADIATORS , Adam Lowry 7 (Chris Tanev 4, Kasperi Kapanen 4) at 10:47
2. BANFF WOLVES , Miro Heiskanen 3 (Justin Faulk 9, Elias Lindholm 19) at 16:30 (PP)

Penalties :
Tyler Myers (VIC) for Interference (Minor) at 4:48, Kasperi Kapanen (VIC) for Charging (Minor) at 7:45, Mikael Granlund (VIC) for High sticking (Minor) at 16:24

2nd period

3. BANFF WOLVES , Joel Eriksson Ek 10 (Mats Zuccarello 14) at 9:37 (PP)
4. BANFF WOLVES , Cam Fowler 2 (Jordan Staal 6, Justin Faulk 10) at 15:14
5. BANFF WOLVES , Elias Lindholm 13 (Nick Leddy 5) at 19:19

Penalties :
Brandon Montour (VIC) for Cross-checking (Minor) at 0:23, Adam Erne (BAN) for Roughing (Minor) at 4:32, Brandon Montour (VIC) for Elbowing (Minor) at 8:11

3rd period

6. BANFF WOLVES , Joel Eriksson Ek 11 (Mats Zuccarello 15, Justin Faulk 11) at 12:47
7. VICTORIA GLADIATORS , Andre Burakovsky 6 (Alex Iafallo 6) at 17:01

Penalties :
Brandon Montour (VIC) for Tripping (Minor) at 8:22

Goalie Stats

Jake Oettinger (VIC), 35 saves from 40 shots - (0,875), L, 12-9-0, 60:00 minutes
Jeremy Swayman (BAN), 18 saves from 20 shots - (0,900), W, 8-1-1, 60:00 minutes

Players Stats for VICTORIA GLADIATORS

Player Name              G  A  P  +/- PIM S  H  SB GA TA FO     MP     PP MP  PK MP  
------------------------------------------------------------------------------------
Adam Lowry               1  0  1   0  0   2  1  0  0  0  6/18   16:03   0:51   0:00 
Alex Iafallo             0  1  1   1  0   2  1  0  0  0  1/1    19:39   0:54   0:52 
Andre Burakovsky         1  0  1   1  0   2  0  0  0  0  1/2    18:44   0:51   0:00 
Barclay Goodrow          0  0  0  -1  0   3  0  0  0  0  0/1    16:15   0:00   5:23 
Brandon Montour          0  0  0   1  6   1  2  0  0  0  0/0    20:40   0:51   1:09 
Brock McGinn             0  0  0  -1  0   1  0  0  0  0  0/0     6:19   0:51   0:52 
Chris Tanev              0  1  1  -1  0   0  1  0  0  0  0/0    17:22   0:00   4:29 
Justin Holl              0  0  0  -1  0   0  1  2  0  0  0/0    22:10   0:00   4:59 
Kasperi Kapanen          0  1  1   0  2   2  0  0  0  0  0/0    16:02   0:51   0:00 
Mason Appleton           0  0  0  -1  0   0  1  0  0  0  2/8     8:03   0:14   3:13 
Matthew Nieto            0  0  0  -1  0   1  0  0  0  0  1/2    14:05   0:00   3:13 
Mikael Granlund          0  0  0   1  2   3  1  0  0  0  6/23   19:00   1:08   0:00 
Nick Foligno             0  0  0   0  0   1  1  0  0  0  1/2    16:06   0:54   0:00 
Niko Mikkola             0  0  0  -1  0   0  1  0  0  0  0/0    17:23   0:00   4:30 
Noel Acciari             0  0  0  -1  0   1  2  0  0  0  6/21   16:29   0:14   5:23 
Torey Krug               0  0  0   1  0   0  4  2  0  0  0/0    19:37   1:08   0:00 
Tyler Myers              0  0  0  -1  2   0  3  4  0  0  0/0    21:53   1:08   3:49 
Tyler Pitlick            0  0  0  -1  0   1  0  0  0  0  0/1     4:36   0:00   0:00 

Players Stats for BANFF WOLVES

Player Name              G  A  P  +/- PIM S  H  SB GA TA FO     MP     PP MP  PK MP  
------------------------------------------------------------------------------------
Adam Erne                0  0  0   1  2   0  0  0  0  0  0/1    12:14   0:00   0:00 
Cam Fowler               1  0  1   1  0   1  0  0  0  0  0/0    18:55   0:00   1:02 
Elias Lindholm           1  1  2   1  0   7  0  0  0  0  18/24  20:30   6:10   0:00 
Eric Staal               0  0  0  -1  0   0  0  0  0  0  5/6     6:57   0:00   0:00 
Ian Cole                 0  0  0   0  0   0  0  1  0  0  0/0    12:44   0:00   0:57 
Jason Dickinson          0  0  0  -1  0   1  0  0  0  0  0/0     8:25   0:00   1:28 
Joel Eriksson Ek         2  0  2   0  0   6  0  0  0  0  17/25  19:23   3:18   1:04 
John Tavares             0  0  0   0  0   1  0  0  0  0  4/5    22:10   6:10   0:59 
Jordan Staal             0  1  1   1  0   1  0  0  0  0  11/16  12:15   0:00   0:00 
Justin Faulk             0  3  3   1  0   1  2  1  0  0  0/0    22:43   3:53   0:57 
Logan O'Connor           0  0  0  -1  0   1  1  0  0  0  0/0     6:57   0:00   0:00 
Mats Zuccarello          0  2  2   0  0   4  1  0  0  0  0/1    18:46   3:18   0:27 
Miro Heiskanen           1  0  1   0  0   3  0  0  0  0  0/0    22:46   3:53   0:00 
Nick Leddy               0  1  1   0  0   0  0  0  0  0  0/0    12:49   0:00   1:02 
Quinton Hughes           0  0  0   0  0   2  1  1  0  0  0/0    24:28   5:35   0:00 
Roope Hintz              0  0  0   1  0   3  0  0  0  0  0/0    17:50   5:35   0:00 
Timo Meier               0  0  0   1  0   5  4  0  0  0  0/0    20:30   6:10   0:00 
Tyler Toffoli            0  0  0   1  0   4  1  0  0  0  0/1    17:38   3:18   0:00 

3 Stars

1 - Justin Faulk (BAN)
2 - Joel Eriksson Ek (BAN)
3 - Elias Lindholm (BAN)

Power Play

VICTORIA GLADIATORS - 0 on 1 Attempt(s) - 0,00%
BANFF WOLVES - 2 on 6 Attempt(s) - 33,33%

Penalty Kill

VICTORIA GLADIATORS - 4 on 6 Attempt(s) - 66,67% - Score 0 goal in Penalty Kill
BANFF WOLVES - 1 on 1 Attempt(s) - 100,00% - Score 0 goal in Penalty Kill

Team Stat

VICTORIA GLADIATORS - Hits : 19 - Faceoff Wins : 24 - Blocked Shots : 8 - Penalty Minutes : 12
BANFF WOLVES - Hits : 10 - Faceoff Wins : 55 - Blocked Shots : 3 - Penalty Minutes : 2

Official

Referees : Kendrick Nicholson and Jon McIsaac
Linesman : Jonny Murray and Brandon Gawryletz

Game Notes

No Game Note

Finance

Level 1 -- Attendance: 6653 (94,37%) -- Ticket Income 831 625 $
Level 2 -- Attendance: 5748 (96,51%) -- Ticket Income 574 800 $
Level 3 -- Attendance: 2340 (100,00%) -- Ticket Income 140 400 $
Level 4 -- Attendance: 4680 (93,60%) -- Ticket Income 210 600 $
Luxury Box -- Attendance: 1020 (95,77%) -- Ticket Income 280 500 $
Game was played at the Rocky Mountains Sports Complex.
Total Attendance: 20441 (95,47%)
Total Ticket Income: 2 037 925 $
Other Expense: 20 379 $
Total Income: 2 017 546 $

VICTORIA GLADIATORS

5 vs 5 Forward 
   Center                   Left Wing                Right Wing               Time % Phy DF OF 
 1 Mikael Granlund          Alex Iafallo             Andre Burakovsky         36     0   3  2  
 2 Adam Lowry               Nick Foligno             Kasperi Kapanen          33     0   3  2  
 3 Noel Acciari             Barclay Goodrow          Matthew Nieto            24     1   2  2  
 4 Mason Appleton           Brock McGinn             Tyler Pitlick            7      1   2  2  

5 vs 5 Defense 
   Defense                  Defense                                           Time % Phy DF OF 
 1 Brandon Montour          Torey Krug                                        40     0   3  2  
 2 Tyler Myers              Justin Holl                                       35     0   3  2  
 3 Chris Tanev              Niko Mikkola                                      25     0   3  2  
 4 Brandon Montour          Justin Holl                                       0      0   3  2  

PowerPlay Forward 
   Center                   Left Wing                Right Wing               Time % Phy DF OF 
 1 Mikael Granlund          Alex Iafallo             Nick Foligno             60     1   0  4  
 2 Adam Lowry               Brock McGinn             Kasperi Kapanen          40     1   0  4  

PowerPlay Defense
   Defense                  Defense                                           Time % Phy DF OF 
 1 Brandon Montour          Andre Burakovsky                                  60     0   1  4  
 2 Tyler Myers              Torey Krug                                        40     0   1  4  

Penalty Kill 4 Players Forward 
   Center                   Wing                     Time % Phy DF OF 
 1 Noel Acciari             Barclay Goodrow          60     0   5  0  
 2 Mason Appleton           Matthew Nieto            40     0   5  0  

Penalty Kill 4 Players Defense
   Defense                  Defense                  Time % Phy DF OF 
 1 Tyler Myers              Justin Holl              60     0   5  0  
 2 Chris Tanev              Niko Mikkola             40     0   5  0  

Penalty Kill - 3 Players Forward 
   Forward                                           Time % Phy DF OF 
 1 Noel Acciari                                      55     0   5  0  
 2 Barclay Goodrow                                   45     0   5  0  

Penalty Kill - 3 Players Defense
   Defense                  Defense                  Time % Phy DF OF 
 1 Tyler Myers              Justin Holl              55     0   5  0  
 2 Chris Tanev              Niko Mikkola             45     0   5  0  

4 vs 4 Forward 
   Center                   Wing                     Time % Phy DF OF 
 1 Mikael Granlund          Nick Foligno             52     1   2  2  
 2 Adam Lowry               Kasperi Kapanen          48     1   2  2  

4 vs 4 Defense
   Defense                  Defense                  Time % Phy DF OF 
 1 Brandon Montour          Torey Krug               52     1   2  2  
 2 Chris Tanev              Niko Mikkola             48     1   2  2  

Last Minutes Offensive
   Center                   Left Wing                Right Wing               Defense                  Defense                  
   Mikael Granlund          Alex Iafallo             Andre Burakovsky         Brandon Montour          Torey Krug               

Last Minutes Defensive
   Center                   Left Wing                Right Wing               Defense                  Defense                  
   Noel Acciari             Barclay Goodrow          Matthew Nieto            Tyler Myers              Justin Holl              

Goaltenders
Starting : Jake Oettinger           
Backup : Charlie Lindgren         

Extra Forwards
Normal : Alex Iafallo, Nick Foligno, Kasperi Kapanen - PP : Noel Acciari, Mason Appleton - PK : Brock McGinn
Extra Defensemen
Normal : Chris Tanev, Niko Mikkola, Torey Krug - PP : Chris Tanev - PK : Niko Mikkola, Tyler Myers
Penalty Shots
Mikael Granlund, Andre Burakovsky, Adam Lowry, Alex Iafallo, Barclay Goodrow
Custom OT Lines Forwards
Mikael Granlund, Andre Burakovsky, Adam Lowry, Alex Iafallo, Barclay Goodrow, Noel Acciari, Nick Foligno, Kasperi Kapanen, Matthew Nieto, Mason Appleton
Custom OT Lines Defensemen
Brandon Montour, Torey Krug, Tyler Myers, Justin Holl, Chris Tanev

Scratches
Juuso Parssinen (Right Hand Injury), Jan Rutta (Healthy)

BANFF WOLVES

5 vs 5 Forward 
   Center                   Left Wing                Right Wing               Time % Phy DF OF 
 1 Joel Eriksson Ek         John Tavares             Mats Zuccarello          34     0   1  4  
 2 Elias Lindholm           Tyler Toffoli            Timo Meier               34     0   1  4  
 3 Jordan Staal             Roope Hintz              Adam Erne                29     0   3  2  
 4 Eric Staal               Jason Dickinson          Logan O'Connor           3      0   4  1  

5 vs 5 Defense 
   Defense                  Defense                                           Time % Phy DF OF 
 1 Quinton Hughes           Miro Heiskanen                                    39     0   1  4  
 2 Justin Faulk             Cam Fowler                                        31     0   1  4  
 3 Nick Leddy               Ian Cole                                          20     1   3  1  
 4 Miro Heiskanen           Quinton Hughes                                    10     0   0  5  

PowerPlay Forward 
   Center                   Left Wing                Right Wing               Time % Phy DF OF 
 1 Elias Lindholm           John Tavares             Timo Meier               55     0   0  5  
 2 Joel Eriksson Ek         Tyler Toffoli            Mats Zuccarello          45     0   0  5  

PowerPlay Defense
   Defense                  Defense                                           Time % Phy DF OF 
 1 Quinton Hughes           Roope Hintz                                       55     0   0  5  
 2 Justin Faulk             Miro Heiskanen                                    45     0   0  5  

Penalty Kill 4 Players Forward 
   Center                   Wing                     Time % Phy DF OF 
 1 Joel Eriksson Ek         Jason Dickinson          50     0   5  0  
 2 John Tavares             Adam Erne                50     0   5  0  

Penalty Kill 4 Players Defense
   Defense                  Defense                  Time % Phy DF OF 
 1 Ian Cole                 Justin Faulk             50     0   5  0  
 2 Nick Leddy               Cam Fowler               50     0   5  0  

Penalty Kill - 3 Players Forward 
   Forward                                           Time % Phy DF OF 
 1 Jordan Staal                                      50     0   5  0  
 2 Eric Staal                                        50     0   5  0  

Penalty Kill - 3 Players Defense
   Defense                  Defense                  Time % Phy DF OF 
 1 Justin Faulk             Ian Cole                 50     0   5  0  
 2 Nick Leddy               Cam Fowler               50     0   5  0  

4 vs 4 Forward 
   Center                   Wing                     Time % Phy DF OF 
 1 Joel Eriksson Ek         John Tavares             55     0   2  3  
 2 Elias Lindholm           Mats Zuccarello          45     0   2  3  

4 vs 4 Defense
   Defense                  Defense                  Time % Phy DF OF 
 1 Miro Heiskanen           Quinton Hughes           55     0   2  3  
 2 Cam Fowler               Justin Faulk             45     0   2  3  

Last Minutes Offensive
   Center                   Left Wing                Right Wing               Defense                  Defense                  
   Elias Lindholm           John Tavares             Tyler Toffoli            Miro Heiskanen           Quinton Hughes           

Last Minutes Defensive
   Center                   Left Wing                Right Wing               Defense                  Defense                  
   Joel Eriksson Ek         Jason Dickinson          Mats Zuccarello          Cam Fowler               Ian Cole                 

Goaltenders
Starting : Jeremy Swayman           
Backup : Jordan Binnington        

Extra Forwards
Normal : John Tavares, Mats Zuccarello, Elias Lindholm - PP : Mats Zuccarello, John Tavares - PK : Joel Eriksson Ek
Extra Defensemen
Normal : Quinton Hughes, Miro Heiskanen, Justin Faulk - PP : Quinton Hughes - PK : Cam Fowler, Miro Heiskanen
Penalty Shots
Mats Zuccarello, Elias Lindholm, John Tavares, Tyler Toffoli, Timo Meier
Custom OT Lines Forwards
John Tavares, Mats Zuccarello, Elias Lindholm, Tyler Toffoli, Joel Eriksson Ek, Timo Meier, Jordan Staal, Eric Staal, Jason Dickinson, Logan O'Connor
Custom OT Lines Defensemen
Miro Heiskanen, Quinton Hughes, Justin Faulk, Cam Fowler, Nick Leddy

Scratches
Adam Henrique (Left Hand Injury), Simon Benoit (Healthy)

% Time on Ice - VICTORIA GLADIATORS

Lines # - Real PCT - Wanted PCT - Time Play
Normal Forward
1 - 37% - 36% - 17:53
2 - 31% - 33% - 15:12
3 - 22% - 24% - 10:52
4 - 9% - 7% - 4:36
Normal Defense
1 - 38% - 40% - 18:16
2 - 35% - 35% - 16:57
3 - 27% - 25% - 12:53
4 - 1% - 0% - 0:27
PP Forward
1 - 57% - 60% - 1:08
2 - 43% - 40% - 0:51
PP Defense
1 - 43% - 60% - 0:51
2 - 57% - 40% - 1:08
PK Forward
1 - 66% - 60% - 6:15
2 - 34% - 40% - 3:13
PK Defense
1 - 59% - 60% - 5:37
2 - 41% - 40% - 3:51
PK3 Forward
1 - 0% - 55%
2 - 0% - 45%
PK3 Defense
1 - 0% - 55%
2 - 0% - 45%
44 Forward
1 - 0% - 52%
2 - 0% - 48%
44 Defense
1 - 0% - 52%
2 - 0% - 48%
Last Minute Offensive  - 0:00
Last Minute Defensive  - 0:00
Total
Forward - 60:00
Defense - 60:00

% Time on Ice - BANFF WOLVES

Lines # - Real PCT - Wanted PCT - Time Play
Normal Forward
1 - 31% - 34% - 15:01
2 - 30% - 34% - 14:20
3 - 25% - 29% - 12:15
4 - 14% - 3% - 6:57
Normal Defense
1 - 36% - 39% - 17:37
2 - 37% - 31% - 17:53
3 - 24% - 20% - 11:47
4 - 3% - 10% - 1:16
PP Forward
1 - 65% - 55% - 6:10
2 - 35% - 45% - 3:18
PP Defense
1 - 59% - 55% - 5:35
2 - 41% - 45% - 3:53
PK Forward
1 - 23% - 50% - 0:27
2 - 77% - 50% - 1:32
PK Defense
1 - 48% - 50% - 0:57
2 - 52% - 50% - 1:02
PK3 Forward
1 - 0% - 50%
2 - 0% - 50%
PK3 Defense
1 - 0% - 50%
2 - 0% - 50%
44 Forward
1 - 0% - 55%
2 - 0% - 45%
44 Defense
1 - 0% - 55%
2 - 0% - 45%
Last Minute Offensive  - 0:00
Last Minute Defensive  - 0:00
Total
Forward - 60:00
Defense - 60:00

Play-by-Play

1st period


0:01 of 1st period - Joel Eriksson Ek wins face-off versus Mikael Granlund in neutral zone.
0:16 of 1st period - Shot by Mats Zuccarello.
0:16 of 1st period - Stopped by Jake Oettinger without a rebound.
0:17 of 1st period - Elias Lindholm wins face-off versus Nick Foligno in VICTORIA GLADIATORS zone.
0:35 of 1st period - Shot by Elias Lindholm.
0:35 of 1st period - Shot Misses the Net.
0:37 of 1st period - Shot by Elias Lindholm.
0:37 of 1st period - Stopped by Jake Oettinger without a rebound.
0:38 of 1st period - Jordan Staal wins face-off versus Noel Acciari in VICTORIA GLADIATORS zone.
0:59 of 1st period - Shot by Matthew Nieto.
0:59 of 1st period - Stopped by Jeremy Swayman without a rebound.
1:00 of 1st period - Joel Eriksson Ek wins face-off versus Mikael Granlund in BANFF WOLVES zone.
1:00 of 1st period - Joel Eriksson Ek is hit by Alex Iafallo.
1:56 of 1st period - Adam Lowry is hit by Mats Zuccarello and loses puck.
2:29 of 1st period - Shot by Elias Lindholm.
2:29 of 1st period - Shot Blocked by Tyler Myers.
2:54 of 1st period - Icing by Cam Fowler.
2:55 of 1st period - Elias Lindholm wins face-off versus Mason Appleton in BANFF WOLVES zone.
4:00 of 1st period - Shot by Barclay Goodrow.
4:00 of 1st period - Shot Misses the Net.
4:35 of 1st period - Shot by Jason Dickinson.
4:35 of 1st period - Stopped by Jake Oettinger without a rebound.
4:36 of 1st period - Adam Lowry wins face-off versus Joel Eriksson Ek in VICTORIA GLADIATORS zone.
4:48 of 1st period - Minor Penalty to Tyler Myers for Interference.
4:49 of 1st period - Noel Acciari wins face-off versus John Tavares in VICTORIA GLADIATORS zone.
5:11 of 1st period - Shot by Miro Heiskanen.
5:11 of 1st period - Shot Misses the Net.
6:14 of 1st period - Shot by Tyler Toffoli.
6:14 of 1st period - Shot Misses the Net.
6:16 of 1st period - Shot by Tyler Toffoli.
6:16 of 1st period - Shot Misses the Net.
7:00 of 1st period - Shot by Logan O'Connor.
7:00 of 1st period - Stopped by Jake Oettinger without a rebound.
7:01 of 1st period - Eric Staal wins face-off versus Mikael Granlund in VICTORIA GLADIATORS zone.
7:13 of 1st period - Eric Staal is hit by Tyler Myers and loses puck.
7:45 of 1st period - Minor Penalty to Kasperi Kapanen for Charging.
7:46 of 1st period - Elias Lindholm wins face-off versus Noel Acciari in VICTORIA GLADIATORS zone.
8:51 of 1st period - Shot by Miro Heiskanen.
8:51 of 1st period - Stopped by Jake Oettinger without a rebound.
8:52 of 1st period - Joel Eriksson Ek wins face-off versus Mason Appleton in VICTORIA GLADIATORS zone.
8:53 of 1st period - Shot by Tyler Toffoli.
8:53 of 1st period - Stopped by Jake Oettinger without a rebound.
8:54 of 1st period - Joel Eriksson Ek wins face-off versus Mason Appleton in VICTORIA GLADIATORS zone.
9:11 of 1st period - Shot by Justin Faulk.
9:11 of 1st period - Stopped by Jake Oettinger without a rebound.
9:12 of 1st period - Noel Acciari wins face-off versus Elias Lindholm in VICTORIA GLADIATORS zone.
10:04 of 1st period - Cam Fowler is hit by Torey Krug and loses puck.
10:31 of 1st period - Shot by Andre Burakovsky.
10:31 of 1st period - Shot Misses the Net.
10:47 of 1st period - Shot by Adam Lowry.
10:47 of 1st period - Goal by Adam Lowry - VICTORIA GLADIATORS : 1 - BANFF WOLVES : 0.
10:48 of 1st period - Elias Lindholm wins face-off versus Noel Acciari in neutral zone.
13:09 of 1st period - Shot by Roope Hintz.
13:09 of 1st period - Stopped by Jake Oettinger without a rebound.
13:10 of 1st period - Elias Lindholm wins face-off versus Mason Appleton in VICTORIA GLADIATORS zone.
13:37 of 1st period - Shot by Brock McGinn.
13:37 of 1st period - Stopped by Jeremy Swayman without a rebound.
13:38 of 1st period - Mikael Granlund wins face-off versus Adam Erne in BANFF WOLVES zone.
13:57 of 1st period - Icing by Adam Erne.
13:58 of 1st period - Adam Lowry wins face-off versus Jordan Staal in BANFF WOLVES zone.
14:59 of 1st period - Off-side.
15:00 of 1st period - Joel Eriksson Ek wins face-off versus Noel Acciari in neutral zone.
15:00 of 1st period - Mats Zuccarello is hit by Noel Acciari and loses puck.
15:29 of 1st period - Shot by Barclay Goodrow.
15:29 of 1st period - Shot Misses the Net.
15:31 of 1st period - Shot by Barclay Goodrow.
15:31 of 1st period - Shot Misses the Net.
15:33 of 1st period - Shot by Tyler Myers.
15:33 of 1st period - Deflect By Noel Acciari.
15:33 of 1st period - Shot Misses the Net.
15:41 of 1st period - Shot by Noel Acciari.
15:41 of 1st period - Shot Misses the Net.
16:24 of 1st period - Minor Penalty to Mikael Granlund for High sticking.
16:25 of 1st period - Elias Lindholm wins face-off versus Noel Acciari in VICTORIA GLADIATORS zone.
16:26 of 1st period - Shot by Justin Faulk.
16:26 of 1st period - Shot Misses the Net.
16:30 of 1st period - Shot by Miro Heiskanen.
16:30 of 1st period - Goal by Miro Heiskanen - VICTORIA GLADIATORS : 1 - BANFF WOLVES : 1.
16:31 of 1st period - Eric Staal wins face-off versus Adam Lowry in neutral zone.
16:34 of 1st period - Shot by Jason Dickinson.
16:34 of 1st period - Shot Misses the Net.
17:28 of 1st period - Shot by Andre Burakovsky.
17:28 of 1st period - Shot Blocked by Justin Faulk.
17:58 of 1st period - Shot by Mikael Granlund.
17:58 of 1st period - Stopped by Jeremy Swayman with a rebound.
18:14 of 1st period - Shot by Tyler Toffoli.
18:14 of 1st period - Shot Misses the Net.
18:55 of 1st period - Shot by Joel Eriksson Ek.
18:55 of 1st period - Shot Blocked by Justin Holl.
Goals for this period are 1 for VICTORIA GLADIATORS vs 1 for BANFF WOLVES.
Shots for this period are 4 for VICTORIA GLADIATORS vs 9 for BANFF WOLVES.

2nd period


0:01 of 2nd period - Elias Lindholm wins face-off versus Adam Lowry in neutral zone.
0:01 of 2nd period - Elias Lindholm is hit by Adam Lowry.
0:12 of 2nd period - Icing by Brandon Montour.
0:13 of 2nd period - John Tavares wins face-off versus Adam Lowry in VICTORIA GLADIATORS zone.
0:23 of 2nd period - Minor Penalty to Brandon Montour for Cross-checking.
0:24 of 2nd period - Elias Lindholm wins face-off versus Noel Acciari in VICTORIA GLADIATORS zone.
0:29 of 2nd period - Shot by Elias Lindholm.
0:29 of 2nd period - Deflect By John Tavares.
0:29 of 2nd period - Shot Misses the Net.
0:37 of 2nd period - Shot by Elias Lindholm.
0:37 of 2nd period - Stopped by Jake Oettinger with a rebound.
0:39 of 2nd period - Shot by Timo Meier.
0:39 of 2nd period - Stopped by Jake Oettinger without a rebound.
0:40 of 2nd period - Joel Eriksson Ek wins face-off versus Noel Acciari in VICTORIA GLADIATORS zone.
0:40 of 2nd period - Joel Eriksson Ek is hit by Chris Tanev.
0:53 of 2nd period - Shot by Joel Eriksson Ek.
0:53 of 2nd period - Stopped by Jake Oettinger without a rebound.
0:54 of 2nd period - Elias Lindholm wins face-off versus Noel Acciari in VICTORIA GLADIATORS zone.
1:03 of 2nd period - Shot by Roope Hintz.
1:03 of 2nd period - Stopped by Jake Oettinger without a rebound.
1:04 of 2nd period - Elias Lindholm wins face-off versus Noel Acciari in VICTORIA GLADIATORS zone.
1:05 of 2nd period - Shot by Quinton Hughes.
1:05 of 2nd period - Stopped by Jake Oettinger with a rebound.
1:17 of 2nd period - Shot by Timo Meier.
1:17 of 2nd period - Stopped by Jake Oettinger without a rebound.
1:18 of 2nd period - Joel Eriksson Ek wins face-off versus Noel Acciari in VICTORIA GLADIATORS zone.
1:21 of 2nd period - Shot by Mats Zuccarello.
1:21 of 2nd period - Stopped by Jake Oettinger without a rebound.
1:22 of 2nd period - Noel Acciari wins face-off versus Elias Lindholm in VICTORIA GLADIATORS zone.
2:21 of 2nd period - Joel Eriksson Ek is hit by Mason Appleton.
2:40 of 2nd period - Shot by Adam Lowry.
2:40 of 2nd period - Stopped by Jeremy Swayman without a rebound.
2:41 of 2nd period - Joel Eriksson Ek wins face-off versus Mikael Granlund in BANFF WOLVES zone.
2:52 of 2nd period - Shot by Alex Iafallo.
2:52 of 2nd period - Shot Misses the Net.
3:11 of 2nd period - Andre Burakovsky is hit by Justin Faulk and loses puck.
3:58 of 2nd period - Torey Krug is hit by Tyler Toffoli and loses puck.
4:32 of 2nd period - Minor Penalty to Adam Erne for Roughing.
4:33 of 2nd period - Joel Eriksson Ek wins face-off versus Adam Lowry in BANFF WOLVES zone.
4:48 of 2nd period - Shot by Torey Krug.
4:48 of 2nd period - Shot Misses the Net.
4:50 of 2nd period - Shot by Tyler Myers.
4:50 of 2nd period - Deflect By Kasperi Kapanen.
4:50 of 2nd period - Stopped by Jeremy Swayman without a rebound.
4:51 of 2nd period - John Tavares wins face-off versus Mikael Granlund in BANFF WOLVES zone.
6:14 of 2nd period - Shot by Andre Burakovsky.
6:14 of 2nd period - Stopped by Jeremy Swayman without a rebound.
6:15 of 2nd period - Nick Foligno wins face-off versus Mats Zuccarello in BANFF WOLVES zone.
6:32 of 2nd period - Shot by Nick Foligno.
6:32 of 2nd period - Shot Blocked by Quinton Hughes.
6:46 of 2nd period - Shot by Noel Acciari.
6:46 of 2nd period - Stopped by Jeremy Swayman without a rebound.
6:47 of 2nd period - Elias Lindholm wins face-off versus Mason Appleton in BANFF WOLVES zone.
7:00 of 2nd period - Brandon Montour is hit by Timo Meier and loses puck.
7:09 of 2nd period - Shot by Elias Lindholm.
7:09 of 2nd period - Shot Misses the Net.
7:11 of 2nd period - Shot by Timo Meier.
7:11 of 2nd period - Stopped by Jake Oettinger with a rebound.
7:13 of 2nd period - Shot by Timo Meier.
7:13 of 2nd period - Stopped by Jake Oettinger without a rebound.
7:14 of 2nd period - Jordan Staal wins face-off versus Noel Acciari in VICTORIA GLADIATORS zone.
7:23 of 2nd period - Shot by Roope Hintz.
7:23 of 2nd period - Stopped by Jake Oettinger with a rebound.
7:31 of 2nd period - Shot by Barclay Goodrow.
7:31 of 2nd period - Stopped by Jeremy Swayman without a rebound.
7:32 of 2nd period - Adam Lowry wins face-off versus Joel Eriksson Ek in BANFF WOLVES zone.
7:36 of 2nd period - Icing by Miro Heiskanen.
7:37 of 2nd period - Joel Eriksson Ek wins face-off versus Adam Lowry in BANFF WOLVES zone.
7:37 of 2nd period - Joel Eriksson Ek is hit by Nick Foligno.
7:57 of 2nd period - Joel Eriksson Ek is hit by Torey Krug and loses puck.
8:11 of 2nd period - Minor Penalty to Brandon Montour for Elbowing.
8:12 of 2nd period - Noel Acciari wins face-off versus Elias Lindholm in VICTORIA GLADIATORS zone.
8:43 of 2nd period - Shot by Quinton Hughes.
8:43 of 2nd period - Stopped by Jake Oettinger with a rebound.
8:45 of 2nd period - Shot by Elias Lindholm.
8:45 of 2nd period - Shot Hit the Post.
9:35 of 2nd period - Shot by Mats Zuccarello.
9:35 of 2nd period - Shot Hit the Post.
9:37 of 2nd period - Shot by Joel Eriksson Ek.
9:37 of 2nd period - Goal by Joel Eriksson Ek - VICTORIA GLADIATORS : 1 - BANFF WOLVES : 2.
9:38 of 2nd period - Eric Staal wins face-off versus Mikael Granlund in neutral zone.
9:38 of 2nd period - Eric Staal is hit by Mikael Granlund.
9:47 of 2nd period - Shot by Alex Iafallo.
9:47 of 2nd period - Stopped by Jeremy Swayman without a rebound.
9:48 of 2nd period - Jordan Staal wins face-off versus Adam Lowry in BANFF WOLVES zone.
9:54 of 2nd period - Icing by Brandon Montour.
9:55 of 2nd period - Adam Lowry wins face-off versus Jordan Staal in VICTORIA GLADIATORS zone.
10:12 of 2nd period - Shot by Adam Lowry.
10:12 of 2nd period - Shot Misses the Net.
10:14 of 2nd period - Shot by Brandon Montour.
10:14 of 2nd period - Stopped by Jeremy Swayman with a rebound.
10:24 of 2nd period - Shot by Kasperi Kapanen.
10:24 of 2nd period - Stopped by Jeremy Swayman without a rebound.
10:25 of 2nd period - Mikael Granlund wins face-off versus Elias Lindholm in BANFF WOLVES zone.
11:04 of 2nd period - Shot by Timo Meier.
11:04 of 2nd period - Shot Misses the Net.
11:06 of 2nd period - Shot by Elias Lindholm.
11:06 of 2nd period - Stopped by Jake Oettinger with a rebound.
11:08 of 2nd period - Shot by Elias Lindholm.
11:08 of 2nd period - Deflect By Tyler Toffoli.
11:08 of 2nd period - Stopped by Jake Oettinger without a rebound.
11:09 of 2nd period - Adam Lowry wins face-off versus Joel Eriksson Ek in VICTORIA GLADIATORS zone.
11:48 of 2nd period - Icing by Brandon Montour.
11:49 of 2nd period - Jordan Staal wins face-off versus Adam Lowry in VICTORIA GLADIATORS zone.
11:50 of 2nd period - Shot by Roope Hintz.
11:50 of 2nd period - Shot Blocked by Torey Krug.
12:17 of 2nd period - Icing by Nick Foligno.
12:18 of 2nd period - Elias Lindholm wins face-off versus Adam Lowry in VICTORIA GLADIATORS zone.
12:18 of 2nd period - Tyler Toffoli is hit by Brandon Montour and loses puck.
13:02 of 2nd period - Shot by Mikael Granlund.
13:02 of 2nd period - Stopped by Jeremy Swayman without a rebound.
13:03 of 2nd period - Noel Acciari wins face-off versus Joel Eriksson Ek in BANFF WOLVES zone.
14:21 of 2nd period - Shot by Cam Fowler.
14:21 of 2nd period - Shot Hit the Post.
14:30 of 2nd period - Off-side.
14:31 of 2nd period - Elias Lindholm wins face-off versus Andre Burakovsky in neutral zone.
14:44 of 2nd period - Shot by Mikael Granlund.
14:44 of 2nd period - Shot Blocked by Ian Cole.
14:46 of 2nd period - Shot by Torey Krug.
14:46 of 2nd period - Shot Misses the Net.
14:50 of 2nd period - Shot by Alex Iafallo.
14:50 of 2nd period - Deflect By Andre Burakovsky.
14:50 of 2nd period - Shot Misses the Net.
14:52 of 2nd period - Shot by Alex Iafallo.
14:52 of 2nd period - Stopped by Jeremy Swayman with a rebound.
14:54 of 2nd period - Shot by Mikael Granlund.
14:54 of 2nd period - Stopped by Jeremy Swayman without a rebound.
14:55 of 2nd period - Adam Lowry wins face-off versus Jordan Staal in BANFF WOLVES zone.
14:56 of 2nd period - Shot by Kasperi Kapanen.
14:56 of 2nd period - Shot Misses the Net.
15:03 of 2nd period - Roope Hintz is hit by Tyler Myers and loses puck.
15:12 of 2nd period - Shot by Jordan Staal.
15:12 of 2nd period - Stopped by Jake Oettinger with a rebound.
15:14 of 2nd period - Shot by Cam Fowler.
15:14 of 2nd period - Goal by Cam Fowler - VICTORIA GLADIATORS : 1 - BANFF WOLVES : 3.
15:15 of 2nd period - Andre Burakovsky wins face-off versus Tyler Toffoli in neutral zone.
16:36 of 2nd period - Icing by Miro Heiskanen.
16:37 of 2nd period - Jordan Staal wins face-off versus Adam Lowry in BANFF WOLVES zone.
17:26 of 2nd period - Shot by Joel Eriksson Ek.
17:26 of 2nd period - Shot Blocked by Justin Holl.
17:28 of 2nd period - Shot by Cam Fowler.
17:28 of 2nd period - Shot Blocked by Tyler Myers.
17:44 of 2nd period - Shot by Mats Zuccarello.
17:44 of 2nd period - Stopped by Jake Oettinger with a rebound.
18:22 of 2nd period - Shot by Barclay Goodrow.
18:22 of 2nd period - Stopped by Jeremy Swayman without a rebound.
18:23 of 2nd period - Mason Appleton wins face-off versus Eric Staal in BANFF WOLVES zone.
18:23 of 2nd period - Brock McGinn is hit by Quinton Hughes and loses puck.
18:32 of 2nd period - Niko Mikkola is hit by Logan O'Connor.
19:19 of 2nd period - Shot by Elias Lindholm.
19:19 of 2nd period - Goal by Elias Lindholm - VICTORIA GLADIATORS : 1 - BANFF WOLVES : 4.
19:20 of 2nd period - Mikael Granlund wins face-off versus Joel Eriksson Ek in neutral zone.
19:53 of 2nd period - Icing by Torey Krug.
19:54 of 2nd period - Jordan Staal wins face-off versus Mikael Granlund in VICTORIA GLADIATORS zone.
19:59 of 2nd period - Shot by Roope Hintz.
19:59 of 2nd period - Shot Misses the Net.
Goals for this period are 0 for VICTORIA GLADIATORS vs 3 for BANFF WOLVES.
Shots for this period are 12 for VICTORIA GLADIATORS vs 18 for BANFF WOLVES.

3rd period


0:01 of 3rd period - Elias Lindholm wins face-off versus Mikael Granlund in neutral zone.
0:18 of 3rd period - Shot by Alex Iafallo.
0:18 of 3rd period - Shot Misses the Net.
0:30 of 3rd period - Shot by Elias Lindholm.
0:30 of 3rd period - Shot Misses the Net.
0:37 of 3rd period - Brandon Montour is hit by Timo Meier and loses puck.
0:57 of 3rd period - Miro Heiskanen is hit by Justin Holl and loses puck.
1:14 of 3rd period - Shot by Nick Foligno.
1:14 of 3rd period - Stopped by Jeremy Swayman without a rebound.
1:15 of 3rd period - Noel Acciari wins face-off versus Joel Eriksson Ek in BANFF WOLVES zone.
1:21 of 3rd period - Icing by Joel Eriksson Ek.
1:22 of 3rd period - John Tavares wins face-off versus Noel Acciari in BANFF WOLVES zone.
1:22 of 3rd period - John Tavares is hit by Noel Acciari.
1:55 of 3rd period - Off-side.
1:56 of 3rd period - Jordan Staal wins face-off versus Mikael Granlund in neutral zone.
2:12 of 3rd period - Icing by Andre Burakovsky.
2:13 of 3rd period - Elias Lindholm wins face-off versus Mikael Granlund in VICTORIA GLADIATORS zone.
2:33 of 3rd period - Icing by Tyler Myers.
2:34 of 3rd period - Jordan Staal wins face-off versus Mikael Granlund in VICTORIA GLADIATORS zone.
3:28 of 3rd period - Cam Fowler is hit by Torey Krug and loses puck.
4:19 of 3rd period - Matthew Nieto is hit by Justin Faulk and loses puck.
5:28 of 3rd period - Shot by Mats Zuccarello.
5:28 of 3rd period - Shot Blocked by Tyler Myers.
5:30 of 3rd period - Shot by Miro Heiskanen.
5:30 of 3rd period - Deflect By John Tavares.
5:30 of 3rd period - Stopped by Jake Oettinger without a rebound.
5:31 of 3rd period - Elias Lindholm wins face-off versus Mikael Granlund in VICTORIA GLADIATORS zone.
5:36 of 3rd period - Shot by Timo Meier.
5:36 of 3rd period - Deflect By Elias Lindholm.
5:36 of 3rd period - Stopped by Jake Oettinger without a rebound.
5:37 of 3rd period - Elias Lindholm wins face-off versus Mikael Granlund in VICTORIA GLADIATORS zone.
5:56 of 3rd period - Brandon Montour is hit by Timo Meier and loses puck.
6:19 of 3rd period - Shot by Timo Meier.
6:19 of 3rd period - Stopped by Jake Oettinger without a rebound.
6:20 of 3rd period - Joel Eriksson Ek wins face-off versus Adam Lowry in VICTORIA GLADIATORS zone.
6:37 of 3rd period - Shot by Nick Foligno.
6:37 of 3rd period - Shot Misses the Net.
7:17 of 3rd period - Shot by Noel Acciari.
7:17 of 3rd period - Deflect By Barclay Goodrow.
7:17 of 3rd period - Shot Misses the Net.
8:05 of 3rd period - Shot by Elias Lindholm.
8:05 of 3rd period - Stopped by Jake Oettinger without a rebound.
8:06 of 3rd period - Eric Staal wins face-off versus Mikael Granlund in VICTORIA GLADIATORS zone.
8:14 of 3rd period - Jason Dickinson is hit by Brandon Montour and loses puck.
8:19 of 3rd period - Shot by Jason Dickinson.
8:19 of 3rd period - Shot Misses the Net.
8:22 of 3rd period - Minor Penalty to Brandon Montour for Tripping.
8:23 of 3rd period - John Tavares wins face-off versus Noel Acciari in VICTORIA GLADIATORS zone.
8:44 of 3rd period - Shot by Roope Hintz.
8:44 of 3rd period - Shot Misses the Net.
9:21 of 3rd period - Shot by Miro Heiskanen.
9:21 of 3rd period - Stopped by Jake Oettinger with a rebound.
9:35 of 3rd period - Shot by Tyler Toffoli.
9:35 of 3rd period - Stopped by Jake Oettinger without a rebound.
9:36 of 3rd period - Joel Eriksson Ek wins face-off versus Barclay Goodrow in VICTORIA GLADIATORS zone.
9:57 of 3rd period - Shot by Tyler Toffoli.
9:57 of 3rd period - Stopped by Jake Oettinger without a rebound.
9:58 of 3rd period - Mason Appleton wins face-off versus Elias Lindholm in VICTORIA GLADIATORS zone.
9:58 of 3rd period - Mason Appleton is hit by Timo Meier.
10:16 of 3rd period - Shot by Elias Lindholm.
10:16 of 3rd period - Stopped by Jake Oettinger without a rebound.
10:17 of 3rd period - Joel Eriksson Ek wins face-off versus Noel Acciari in VICTORIA GLADIATORS zone.
10:24 of 3rd period - Shot by Joel Eriksson Ek.
10:24 of 3rd period - Stopped by Jake Oettinger with a rebound.
11:18 of 3rd period - Icing by Brandon Montour.
11:19 of 3rd period - Elias Lindholm wins face-off versus Adam Lowry in VICTORIA GLADIATORS zone.
12:23 of 3rd period - Icing by Justin Holl.
12:24 of 3rd period - Joel Eriksson Ek wins face-off versus Mikael Granlund in VICTORIA GLADIATORS zone.
12:33 of 3rd period - Shot by Joel Eriksson Ek.
12:33 of 3rd period - Stopped by Jake Oettinger without a rebound.
12:34 of 3rd period - Joel Eriksson Ek wins face-off versus Matthew Nieto in VICTORIA GLADIATORS zone.
12:45 of 3rd period - Shot by Mats Zuccarello.
12:45 of 3rd period - Shot Misses the Net.
12:47 of 3rd period - Shot by Joel Eriksson Ek.
12:47 of 3rd period - Goal by Joel Eriksson Ek - VICTORIA GLADIATORS : 1 - BANFF WOLVES : 5.
12:48 of 3rd period - Jordan Staal wins face-off versus Tyler Pitlick in neutral zone.
12:53 of 3rd period - Shot by Roope Hintz.
12:53 of 3rd period - Deflect By Adam Erne.
12:53 of 3rd period - Shot Misses the Net.
12:59 of 3rd period - Shot by Tyler Pitlick.
12:59 of 3rd period - Stopped by Jeremy Swayman without a rebound.
13:00 of 3rd period - Joel Eriksson Ek wins face-off versus Mikael Granlund in BANFF WOLVES zone.
13:31 of 3rd period - Icing by Justin Holl.
13:32 of 3rd period - Mikael Granlund wins face-off versus Jordan Staal in VICTORIA GLADIATORS zone.
14:04 of 3rd period - Shot by Adam Erne.
14:04 of 3rd period - Shot Blocked by Tyler Myers.
14:06 of 3rd period - Shot by Justin Faulk.
14:06 of 3rd period - Shot Misses the Net.
14:58 of 3rd period - Shot by Elias Lindholm.
14:58 of 3rd period - Shot Misses the Net.
15:13 of 3rd period - Tyler Toffoli is hit by Torey Krug and loses puck.
15:50 of 3rd period - Mats Zuccarello is hit by Niko Mikkola and loses puck.
15:53 of 3rd period - Shot by Joel Eriksson Ek.
15:53 of 3rd period - Stopped by Jake Oettinger without a rebound.
15:54 of 3rd period - Eric Staal wins face-off versus Mason Appleton in VICTORIA GLADIATORS zone.
16:59 of 3rd period - Icing by Ian Cole.
17:00 of 3rd period - Alex Iafallo wins face-off versus Joel Eriksson Ek in BANFF WOLVES zone.
17:01 of 3rd period - Shot by Andre Burakovsky.
17:01 of 3rd period - Goal by Andre Burakovsky - VICTORIA GLADIATORS : 2 - BANFF WOLVES : 5.
17:02 of 3rd period - Joel Eriksson Ek wins face-off versus Mikael Granlund in neutral zone.
17:09 of 3rd period - Shot by Mats Zuccarello.
17:09 of 3rd period - Shot Misses the Net.
17:11 of 3rd period - Shot by Quinton Hughes.
17:11 of 3rd period - Shot Misses the Net.
17:13 of 3rd period - Shot by Mats Zuccarello.
17:13 of 3rd period - Shot Blocked by Torey Krug.
17:50 of 3rd period - Shot by Mats Zuccarello.
17:50 of 3rd period - Stopped by Jake Oettinger without a rebound.
17:51 of 3rd period - Jordan Staal wins face-off versus Adam Lowry in VICTORIA GLADIATORS zone.
17:51 of 3rd period - Adam Erne is hit by Tyler Myers and loses puck.
18:38 of 3rd period - Icing by Nick Leddy.
18:39 of 3rd period - Jordan Staal wins face-off versus Noel Acciari in BANFF WOLVES zone.
18:47 of 3rd period - Icing by Roope Hintz.
18:48 of 3rd period - Mikael Granlund wins face-off versus Jordan Staal in BANFF WOLVES zone.
18:55 of 3rd period - Shot by Alex Iafallo.
18:55 of 3rd period - Deflect By Andre Burakovsky.
18:55 of 3rd period - Shot Misses the Net.
19:00 of 3rd period - Off-side.
19:01 of 3rd period - Matthew Nieto wins face-off versus Elias Lindholm in neutral zone.
19:12 of 3rd period - Shot by Brandon Montour.
19:12 of 3rd period - Shot Misses the Net.
19:14 of 3rd period - Shot by Barclay Goodrow.
19:14 of 3rd period - Stopped by Jeremy Swayman without a rebound.
19:15 of 3rd period - Mikael Granlund wins face-off versus Joel Eriksson Ek in BANFF WOLVES zone.
19:26 of 3rd period - Shot by Alex Iafallo.
19:26 of 3rd period - Shot Misses the Net.
Goals for this period are 1 for VICTORIA GLADIATORS vs 1 for BANFF WOLVES.
Shots for this period are 4 for VICTORIA GLADIATORS vs 13 for BANFF WOLVES.


BLAKE
WHEELER
STEVEN
STAMKOS
DREW
DOUGHTY

EAST COAST

HOCKEY LEAGUE

  • 63.RHI2PIT5
  • 64.WOR4ATL3
  • 65.QUECHW
  • 66.CHATRV